Map: Prion Terraces

Players

Miszu - Winner!

  • Race: Terran Terran
  • League: Master

Zeratul

  • Race: Terran Terran
  • League: Master

VOD

Have the link to the VOD?

Description

Time

  • Played on: April 7, 2016, 2:31 p.m.
  • Length: 13:54
Show
View Real Time Build Order
Export as new Build Order

Miszu Terran - Winner!

Build Orders: 1/1/1, Bio Tank 

Get SALT Encoding   

  12  0:00  SCV  
  13  0:13  SCV  
  14  0:18  Supply Depot  
  14  0:25  SCV  
  15  0:35  Refinery  
  15  0:39  SCV  
  16  0:44  Barracks  
  16  0:51  SCV  
  17  0:58  Refinery  
  17  1:03  SCV  
  18  1:16  SCV  
  20  1:34  Factory  
  20  1:36  Marine, Orbital Command  
  20  1:45  Supply Depot  
  20  1:54  Marine  
  21  2:01  SCV  
  21  2:13  SCV  
  21  2:14  Marine  
  21  2:15  Supply Depot  
  23  2:18  Hellion  
  25  2:24  Starport  
  25  2:26  SCV  
  26  2:32  Marine  
  27  2:45  Hellion  
  27  2:46  SCV  
  27  2:49  Marine  
  31  2:52  Supply Depot  
  31  2:58  SCV  
  35  3:07  Marine  
  35  3:09  Hellion  
  35  3:11  SCV  
  39  3:18  Medivac  
  38  3:24  SCV  
  39  3:27  Barracks Reactor  
  39  3:30  Supply Depot  
  39  3:32  Factory Tech Lab  
  39  3:36  SCV  
  34  3:56  SCV  
  34  3:57  Siege Tank  
  38  4:06  Command Center  
  38  4:10  SCV  
  39  4:20  Viking  
  39  4:44  SCV  
  40  4:45  Marine  
  40  4:46  Marine  
  40  4:48  Siege Tank  
  40  4:49  Barracks  
  40  4:50  Starport Reactor, Barracks  
  45  4:56  SCV  
  45  4:59  Engineering Bay  
  46  5:08  SCV  
  47  5:18  Marine x2  
  47  5:20  SCV, Orbital Command  
  46  5:25  Siege Tank  
  49  5:32  SCV  
  50  5:39  Barracks Tech Lab x2  
  50  5:41  Marine  
  51  5:47  SCV x2  
  53  5:52  Medivac  
  55  5:58  Medivac  
  55  5:59  SCV, Stimpack  
  55  6:00  SCV  
  59  6:04  Marine x2  
  59  6:07  Marine  
  59  6:09  Marine  
  59  6:11  Terran Infantry Weapons Level 1  
  63  6:14  Refinery  
  63  6:17  Supply Depot  
  63  6:20  Supply Depot  
  63  6:22  Marine  
  63  6:24  Marine  
  65  6:25  Marine  
  65  6:26  Siege Tank  
  69  6:34  Marine  
  69  6:38  Medivac  
  72  6:40  Marine  
  72  6:41  SCV x2  
  72  6:42  Marine  
  72  6:43  Marine  
  72  6:45  Supply Depot  
  72  6:46  Supply Depot  
  77  6:52  Marine  
  78  6:55  Combat Shields  
  78  6:58  Marine, SCV  
  78  6:59  SCV  
  78  7:00  Marine  
  78  7:01  Marine  
  82  7:04  Siege Tank  
  86  7:10  Marine, SCV  
  88  7:15  Marine  
  88  7:17  Marine  
  88  7:19  Marine  
  88  7:22  Medivac  
  93  7:28  Marine  
  94  7:33  Marine  
  94  7:35  Marine  
  94  7:37  Marine  
  96  7:41  Siege Tank  
  100  7:45  Marine, Command Center  
  100  7:46  Supply Depot x2  
  100  7:50  Barracks  
  100  7:51  Marine, Barracks  
  101  7:52  Supply Depot  
  102  8:07  Marine x3, Medivac  
  102  8:08  SCV x2  
  102  8:12  Marine  
  112  8:15  Supply Depot, Terran Infantry Armor Level 1  
  110  8:20  SCV x2  
  110  8:25  Marine x2  
  114  8:32  SCV  
  111  8:52  Marine  
  111  8:53  Marine x3, Medivac, Siege Tank  
  124  9:02  Barracks Reactor  
  122  9:04  Supply Depot  
  122  9:05  Supply Depot  
  122  9:06  Barracks Reactor  
  120  9:10  Marine  
  120  9:11  Marine  
  120  9:16  Marine x2  
  124  9:21  Supply Depot  
  124  9:23  SCV x2  
  124  9:25  Siege Tank  
  127  9:35  SCV x2  
  127  9:38  Marine  
  129  9:39  Marine x4  
  129  9:40  Marine  
  129  9:42  Marine  
  129  9:43  Marine  
  137  9:47  SCV  
  137  9:48  SCV  
  139  9:56  Marine x3  
  139  9:59  Marine x4, SCV  
  146  10:00  Marine, Medivac, Siege Tank, SCV  
  146  10:04  Refinery  
  157  10:10  Planetary Fortress  
  157  10:12  SCV x2  
  157  10:14  Marine x2  
  156  10:17  Refinery  
  156  10:18  Refinery  
  158  10:44  Marine x5  
  158  10:45  Marine x2  
  165  10:52  Marauder  
  110  11:02  Marine x7, Siege Tank  
  109  11:13  Marine  
  109  11:17  Medivac x2  
  113  11:19  Marine  
  113  11:20  Marine x6  
  118  11:30  Marine  
  119  11:34  Siege Tank  
  119  11:36  Factory  
  119  11:37  Marine  
  119  11:38  Refinery, Marine x6  
  129  11:40  Engineering Bay  
  129  11:44  Refinery, Orbital Command  
  129  11:47  Medivac  
  129  11:48  Marine  
  132  11:55  Marine  
  132  11:56  Marine x6  
  139  12:06  Marine, Siege Tank  
  143  12:13  Marine x4  
  143  12:14  Marine  
  148  12:15  Marine  
  148  12:16  Armory  
  148  12:19  Command Center  
  149  12:27  Marine  
  149  12:28  Marine  
  151  12:31  Marine x4, Factory Tech Lab  
  151  12:32  Medivac x2  
  157  12:38  Siege Tank  
  159  12:46  Marine  
  158  12:53  Marine  
  158  12:54  Marine x4  
  158  12:57  Marine  
  153  13:00  Siege Tank  
  153  13:02  Medivac x2  
  153  13:04  Marine  
  161  13:10  Siege Tank  
  161  13:11  Marine  
  161  13:12  Marine x4  
  169  13:14  Marine  
  168  13:21  Marine  
  169  13:29  Marine x5  
  169  13:32  Marine  
Show
View Real Time Build Order
Export as new Build Order

Zeratul Terran 

Build Orders: Liberator Opening, Bio Tank 

Get SALT Encoding   

  12  0:00  SCV  
  13  0:13  SCV  
  14  0:17  Supply Depot  
  14  0:25  SCV  
  15  0:39  SCV  
  15  0:40  Barracks  
  16  0:44  Refinery  
  16  0:51  SCV  
  16  0:55  Refinery  
  17  1:03  SCV  
  18  1:15  SCV  
  19  1:27  Orbital Command  
  19  1:29  Supply Depot  
  19  1:30  Reaper  
  20  1:45  Factory  
  20  1:52  SCV  
  21  2:02  Reaper  
  21  2:05  SCV  
  21  2:08  Supply Depot  
  23  2:17  SCV  
  24  2:29  Hellion, SCV  
  27  2:32  Starport  
  27  2:34  Reaper  
  28  2:41  SCV  
  29  2:51  Factory Tech Lab  
  29  2:53  SCV  
  29  2:54  Engineering Bay  
  30  3:06  SCV  
  30  3:10  Cyclone  
  34  3:16  Barracks Reactor, Liberator  
  34  3:24  Command Center  
  34  3:25  SCV  
  35  3:56  Marine x2  
  35  4:01  Barracks x2, Missile Turret  
  37  4:06  SCV, Missile Turret  
  38  4:16  Starport Reactor  
  38  4:22  SCV  
  38  4:34  SCV  
  30  4:42  Marine, Siege Tank  
  30  4:43  Marine  
  34  4:54  Barracks Tech Lab  
  34  4:58  Barracks Reactor  
  34  5:04  Orbital Command  
  34  5:05  SCV  
  33  5:18  SCV  
  33  5:22  Marine x3  
  33  5:23  Stimpack  
  36  5:30  SCV  
  36  5:32  Siege Tank  
  36  5:35  SCV  
  41  5:42  Marine x4, SCV  
  44  5:46  Marine  
  44  5:47  SCV  
  48  5:54  SCV  
  48  5:56  Supply Depot  
  49  5:58  Supply Depot  
  49  5:59  SCV  
  50  6:06  Bunker, SCV  
  50  6:07  Refinery  
  50  6:09  Refinery  
  50  6:11  Marine x2  
  51  6:17  Marine  
  51  6:18  Marine x2  
  56  6:19  SCV  
  56  6:21  SCV  
  58  6:31  SCV  
  59  6:33  SCV  
  59  6:34  Siege Tank  
  59  6:39  Supply Depot  
  63  6:41  Supply Depot  
  63  6:43  SCV  
  63  6:45  SCV  
  65  6:47  Medivac  
  67  6:55  SCV  
  67  6:57  Marine x2  
  67  7:00  Marine x3, SCV  
  74  7:03  Supply Depot  
  74  7:06  Siege Tank  
  77  7:09  Medivac  
  78  7:40  Marine x2, Medivac x2  
  78  7:41  Marine x2  
  78  7:43  Command Center  
  86  7:45  Supply Depot x2  
  86  7:55  Combat Shields  
  86  8:05  Supply Depot, Terran Infantry Weapons Level 1, Marine x5, SCV x2  
  93  8:17  Siege Tank  
  96  8:23  Marine x3  
  89  8:36  Marine  
  89  8:37  Marine  
  89  8:40  Marine x2  
  93  8:48  Marine  
  87  8:52  Medivac x2, Siege Tank  
  87  8:54  Marine x2, SCV x2  
  98  9:01  Marine x2  
  100  9:07  Barracks  
  100  9:08  Barracks  
  100  9:16  Marine x2  
  102  9:18  Marine  
  103  9:27  Orbital Command  
  103  9:28  SCV  
  103  9:29  SCV  
  101  9:39  Marine  
  101  9:40  Marine x2, SCV  
  101  9:41  SCV  
  106  9:54  SCV  
  106  9:55  Engineering Bay, Siege Tank, SCV x2  
  106  9:56  Armory  
  106  9:57  Barracks Reactor x2  
  106  9:58  Marine x5  
  117  10:07  Barracks x2  
  117  10:13  Refinery  
  117  10:16  Refinery  
  117  10:28  Siege Tank  
  120  10:38  Marine x4  
  120  10:39  Marine x3  
  120  10:41  Terran Infantry Armor Level 1  
  120  10:42  Medivac x2  
  131  10:46  Supply Depot  
  131  10:47  Supply Depot  
  96  11:03  Marine x5  
  96  11:04  Barracks Reactor x2, Marine x4  
  94  11:21  Marine  
  94  11:24  Marine  
  94  11:25  Marine x6  
  99  11:32  SCV x3  
  105  11:44  SCV x3  
  108  11:53  Marine  
  108  11:54  Marine x6  
  109  11:55  Marine x5  
  109  11:56  SCV  
  120  12:04  Marine  
  120  12:05  Siege Tank  
  124  12:11  Marine  
  124  12:12  Marine x3  
  128  12:24  Marine x3  
  128  12:25  Marine x5  
  135  12:39  Marine x5  
  135  12:42  Marine x2  
  131  12:59  Marine  
  131  13:00  Marine x10  
  131  13:01  Marine  
  131  13:02  Siege Tank  
  131  13:03  Marine  
Tags
 
Add a new tag
Caveats
  • Supply blocks, unpowered buildings, or Contaminate may cause inaccurate times.
  • Supply counts are checked every 10 seconds.